Stars vs Avalanche
Created - April 29, 2023 at 11:32
Goals
|
| Stars |
1 |
1 |
3 |
5 |
| Avalanche |
3 |
0 |
1 |
4 |
|
Shots
|
| Stars |
6 |
11 |
14 |
31 |
| Avalanche |
10 |
15 |
5 |
30 |
|
1st period
1. Stars , Jonathan Drouin 11 (Evgeny Kuznetsov 7, Scott Kosmachuck 10) at 1:00
2. Avalanche , Patric Hornqvist 27 (Mikkel Boedker 55, Bryan Little 58) at 7:26
3. Avalanche , Mikkel Boedker 44 (Jack Johnson 30, Bryan Little 59) at 9:47
4. Avalanche , Luke Witkowski 21 (Charlie Coyle 25, Marc Staal 21) at 19:25 (PP)
Penalties :
Brian Lee (Dal) for Hooking (Minor) at 2:43, Bryan Little (Col) for Roughing (Minor) at 14:01, Scott Kosmachuck (Dal) for Tripping (Minor) at 19:13
2nd period
5. Stars , John Tavares 59 (Michael Grabner 47, Tyler Wotherspoon 11) at 3:57
Penalties :
Colten Teubert (Col) for Tripping (Minor) at 6:39, Bryan Little (Col) for Hooking (Minor) at 12:03, Stefan Elliott (Col) for Tripping (Minor) at 17:18
3rd period
6. Stars , Brian Lee 5 (Alex Chiasson 21, Robert Nilsson 32) at 0:34
7. Avalanche , Mikkel Boedker 45 (Bryan Little 60) at 10:51
8. Stars , Robert Nilsson 21 (Andrew Ladd 26) at 13:59 (PP)
9. Stars , Robert Nilsson 22 (Brian Lee 41, Alex Chiasson 22) at 16:53 (PP)
Penalties :
Mattias Ekholm (Col) for Holding (Minor) at 12:49, Patric Hornqvist (Col) for Slashing (Minor) at 15:55
Goalie Stats
Matt Murray (Dal), 26 saves from 30 shots - (0.867), W, 30-20-7, 60:00 minutes
Semyon Varlamov (Col), 26 saves from 31 shots - (0.839), L, 26-19-4, 58:49 minutes
Players Stats for Stars
Player Name G A P +/- PIM S H SB GA TA FO MP PP MP PK MP
------------------------------------------------------------------------------------
Alex Chiasson 0 2 2 1 0 3 3 0 0 0 1/2 17:20 4:35 0:22
Andrej Sustr 0 0 0 1 0 1 0 0 0 0 0/0 19:41 4:35 0:30
Andrew Ladd 0 1 1 1 0 3 1 1 0 1 0/0 17:42 4:35 0:44
Boris Valabik 0 0 0 0 0 0 1 0 0 2 0/0 28:27 5:29 1:41
Brian Lee 1 1 2 0 2 1 0 1 0 0 0/0 26:35 5:29 0:12
Cam Atkinson 0 0 0 -1 0 0 3 1 1 0 1/1 10:44 0:18 0:00
Evgeny Grachev 0 0 0 -1 0 1 2 0 1 0 3/7 10:37 0:11 0:00
Evgeny Kuznetsov 0 1 1 1 0 1 0 0 0 0 0/6 8:21 0:00 0:00
Guillaume Latendresse 0 0 0 -1 0 2 2 0 1 1 0/1 22:51 5:11 1:05
John Tavares 1 0 1 -1 0 3 3 0 1 1 19/34 23:20 5:18 1:27
Jonathan Drouin 1 0 1 1 0 3 0 1 0 0 0/0 9:35 0:18 0:00
Michael Grabner 0 1 1 -1 0 5 3 0 2 1 0/0 21:45 5:11 0:00
Paul Ladue 0 0 0 1 0 0 2 0 0 1 0/0 20:31 4:35 1:20
Robert Nilsson 2 1 3 1 0 2 0 0 1 1 6/12 17:42 4:35 0:44
Scott Kosmachuck 0 1 1 1 2 1 1 0 0 0 0/0 8:20 0:00 0:00
Tobias Rieder 0 0 0 -1 0 5 1 0 0 1 0/1 9:30 0:00 0:00
Tyler Wotherspoon 0 1 1 -1 0 0 0 0 1 0 0/0 12:54 0:00 0:39
Tyson Barrie 0 0 0 -1 0 0 1 0 0 1 0/0 11:52 0:00 0:00
Players Stats for Avalanche
Player Name G A P +/- PIM S H SB GA TA FO MP PP MP PK MP
------------------------------------------------------------------------------------
Bryan Little 0 3 3 3 4 5 0 1 1 2 12/27 24:17 1:02 3:27
Charlie Coyle 0 1 1 -1 0 0 4 0 0 0 5/12 20:02 1:09 3:37
Colten Teubert 0 0 0 -1 2 2 1 2 0 1 0/0 18:54 0:42 3:04
Erik Karlsson 0 0 0 -1 0 2 2 3 2 1 0/0 19:19 0:42 4:08
Evgeny Dadonov 0 0 0 1 0 0 0 0 0 0 0/0 6:28 0:00 2:52
Jack Johnson 0 1 1 1 0 0 2 1 3 1 0/0 27:27 1:29 5:56
James Van Riemsdyk 0 0 0 -1 0 2 3 0 1 0 1/1 18:18 1:09 1:41
Jarred Tinordi 0 0 0 0 0 0 0 0 0 0 0/0 3:49 0:00 0:21
Joel Edmundson 0 0 0 0 0 0 0 0 0 0 0/0 3:28 0:00 0:00
Luke Witkowski 1 0 1 -1 0 4 0 1 0 0 2/2 16:12 1:09 0:00
Marc Staal 0 1 1 1 0 1 0 1 0 3 0/0 27:27 1:29 5:56
Mattias Ekholm 0 0 0 0 2 0 1 0 0 0 0/0 9:45 0:00 0:00
Mikkel Boedker 2 1 3 3 0 4 3 1 2 0 5/12 26:00 1:02 5:44
Patric Hornqvist 1 0 1 2 2 3 0 0 0 0 0/0 18:46 1:02 1:51
Pavel Buchnevich 0 0 0 -2 0 2 1 0 0 0 1/1 12:43 0:00 0:00
Stefan Elliott 0 0 0 0 2 0 0 1 0 0 0/0 10:47 0:00 0:43
Tomas Tatar 0 0 0 -2 0 3 0 0 0 0 1/1 13:10 0:00 0:34
Vincent Trocheck 0 0 0 -2 0 2 0 1 1 0 7/8 12:58 0:00 0:22
3 Stars
1 - Mikkel Boedker (Col)
2 - Robert Nilsson (Dal)
3 - Alex Chiasson (Dal)
Power Play
Stars - 2 on 6 Attempt(s) - 33.33%
Avalanche - 1 on 2 Attempt(s) - 50.00%
Penalty Kill
Stars - 1 on 2 Attempt(s) - 50.00%
- Score 0 goal in Penalty Kill
Avalanche - 4 on 6 Attempt(s) - 66.67%
- Score 0 goal in Penalty Kill
Team Stat
Stars - Hits : 23 - Faceoff Wins : 30 - Blocked Shots : 4 - Penalty Minutes : 4
Avalanche - Hits : 17 - Faceoff Wins : 34 - Blocked Shots : 12 - Penalty Minutes : 12
Official
Referees : Chris Schlenker and Jacob Brenk
Linesman : Travis Gawryletz and Devin Berg
Game Notes
7:22 of 1st period - Avalanche goal is going for a video replay. After video review, No Goal. The puck has been kicked using a distinct kicking motion.
Finance
Level 1 -- Attendance: 5631 (93.85%) -- Ticket Income $563,100
Level 2 -- Attendance: 4795 (95.90%) -- Ticket Income $287,700
Level 3 -- Attendance: 1835 (91.75%) -- Ticket Income $64,225
Level 4 -- Attendance: 3687 (92.18%) -- Ticket Income $92,175
Luxury Box -- Attendance: 1000 (100.00%) -- Ticket Income $200,000
Game was played at the Pepsi Center.
Total Attendance: 16948 (94.16%)
Total Ticket Income: $1,207,200
Other Income: $181,080
Total Income: $1,388,280
Stars
5 vs 5 Forward
Center Left Wing Right Wing Time % Phy DF OF
1 John Tavares Guillaume Latendresse Michael Grabner 40 1 2 2
2 Robert Nilsson Andrew Ladd Alex Chiasson 30 1 2 2
3 Evgeny Grachev Tobias Rieder Cam Atkinson 20 1 2 2
4 Evgeny Kuznetsov Jonathan Drouin Scott Kosmachuck 10 1 2 2
5 vs 5 Defense
Defense Defense Time % Phy DF OF
1 Boris Valabik Brian Lee 40 1 2 2
2 Andrej Sustr Paul Ladue 30 1 2 2
3 Tyler Wotherspoon Tyson Barrie 20 1 2 2
4 Boris Valabik Brian Lee 10 1 2 2
PowerPlay Forward
Center Left Wing Right Wing Time % Phy DF OF
1 John Tavares Guillaume Latendresse Michael Grabner 60 0 2 3
2 Robert Nilsson Andrew Ladd Alex Chiasson 40 0 2 3
PowerPlay Defense
Defense Defense Time % Phy DF OF
1 Boris Valabik Brian Lee 60 1 2 2
2 Andrej Sustr Paul Ladue 40 1 2 2
Penalty Kill 4 Players Forward
Center Wing Time % Phy DF OF
1 John Tavares Guillaume Latendresse 60 1 2 2
2 Robert Nilsson Andrew Ladd 40 1 2 2
Penalty Kill 4 Players Defense
Defense Defense Time % Phy DF OF
1 Boris Valabik Brian Lee 60 0 3 2
2 Andrej Sustr Paul Ladue 40 0 3 2
Penalty Kill - 3 Players Forward
Forward Time % Phy DF OF
1 John Tavares 60 1 2 2
2 Robert Nilsson 40 1 2 2
Penalty Kill - 3 Players Defense
Defense Defense Time % Phy DF OF
1 Boris Valabik Brian Lee 60 0 3 2
2 Andrej Sustr Paul Ladue 40 0 3 2
4 vs 4 Forward
Center Wing Time % Phy DF OF
1 John Tavares Guillaume Latendresse 60 0 2 3
2 Robert Nilsson Andrew Ladd 40 0 2 3
4 vs 4 Defense
Defense Defense Time % Phy DF OF
1 Boris Valabik Brian Lee 60 1 2 2
2 Andrej Sustr Paul Ladue 40 1 2 2
Last Minutes Offensive
Center Left Wing Right Wing Defense Defense
John Tavares Guillaume Latendresse Michael Grabner Boris Valabik Brian Lee
Last Minutes Defensive
Center Left Wing Right Wing Defense Defense
John Tavares Guillaume Latendresse Michael Grabner Boris Valabik Brian Lee
Goaltenders
Starting : Matt Murray
Backup : Jhonas Enroth
Extra Forwards
Normal : Alex Chiasson, Andrew Ladd, Cam Atkinson - PP : Alex Chiasson, Andrew Ladd - PK : Alex Chiasson
Extra Defensemen
Normal : Paul Ladue, Tyler Wotherspoon, Tyson Barrie - PP : Paul Ladue - PK : Paul Ladue, Tyler Wotherspoon
Penalty Shots
John Tavares, Michael Grabner, Guillaume Latendresse, Robert Nilsson, Alex Chiasson
Scratches
Tyler Brenner (Healthy)
Avalanche
5 vs 5 Forward
Center Left Wing Right Wing Time % Phy DF OF
1 Bryan Little Mikkel Boedker Patric Hornqvist 40 1 2 2
2 Charlie Coyle James Van Riemsdyk Luke Witkowski 30 1 2 2
3 Vincent Trocheck Tomas Tatar Pavel Buchnevich 20 1 2 2
4 Mikkel Boedker Bryan Little Evgeny Dadonov 10 1 2 2
5 vs 5 Defense
Defense Defense Time % Phy DF OF
1 Jack Johnson Marc Staal 40 1 2 2
2 Erik Karlsson Colten Teubert 30 1 2 2
3 Mattias Ekholm Stefan Elliott 20 1 2 2
4 Jarred Tinordi Joel Edmundson 10 1 2 2
PowerPlay Forward
Center Left Wing Right Wing Time % Phy DF OF
1 Bryan Little Mikkel Boedker Patric Hornqvist 60 1 2 2
2 Charlie Coyle James Van Riemsdyk Luke Witkowski 40 1 2 2
PowerPlay Defense
Defense Defense Time % Phy DF OF
1 Jack Johnson Marc Staal 60 1 2 2
2 Erik Karlsson Colten Teubert 40 1 2 2
Penalty Kill 4 Players Forward
Center Wing Time % Phy DF OF
1 Mikkel Boedker Bryan Little 60 1 2 2
2 Patric Hornqvist Charlie Coyle 40 1 2 2
Penalty Kill 4 Players Defense
Defense Defense Time % Phy DF OF
1 Jack Johnson Marc Staal 60 1 2 2
2 Erik Karlsson Colten Teubert 40 1 2 2
Penalty Kill - 3 Players Forward
Forward Time % Phy DF OF
1 Mikkel Boedker 60 1 2 2
2 Bryan Little 40 1 2 2
Penalty Kill - 3 Players Defense
Defense Defense Time % Phy DF OF
1 Jack Johnson Marc Staal 60 1 2 2
2 Erik Karlsson Colten Teubert 40 1 2 2
4 vs 4 Forward
Center Wing Time % Phy DF OF
1 Mikkel Boedker Bryan Little 60 1 2 2
2 Patric Hornqvist Charlie Coyle 40 1 2 2
4 vs 4 Defense
Defense Defense Time % Phy DF OF
1 Jack Johnson Marc Staal 60 1 2 2
2 Erik Karlsson Colten Teubert 40 1 2 2
Last Minutes Offensive
Center Left Wing Right Wing Defense Defense
Bryan Little Mikkel Boedker Patric Hornqvist Jack Johnson Marc Staal
Last Minutes Defensive
Center Left Wing Right Wing Defense Defense
Bryan Little Mikkel Boedker Patric Hornqvist Jack Johnson Marc Staal
Goaltenders
Starting : Semyon Varlamov
Backup : Marek Mazanek
Extra Forwards
Normal : Vincent Trocheck, Pavel Buchnevich, Evgeny Dadonov - PP : Vincent Trocheck, Pavel Buchnevich - PK : Evgeny Dadonov
Extra Defensemen
Normal : Mattias Ekholm, Stefan Elliott, Jarred Tinordi - PP : Mattias Ekholm - PK : Stefan Elliott, Jarred Tinordi
Penalty Shots
Mikkel Boedker, Bryan Little, Patric Hornqvist, Charlie Coyle, Luke Witkowski
Scratches
Daniel Carr (Healthy), Kyle Turris (Healthy)
% Time on Ice - Stars
Lines # - Real PCT - Wanted PCT - Time Play
Normal Forward
1 - 35% - 40% - 16:28
2 - 27% - 30% - 12:23
3 - 20% - 20% - 9:30
4 - 18% - 10% - 8:21
Normal Defense
1 - 37% - 40% - 17:30
2 - 31% - 30% - 14:36
3 - 25% - 20% - 11:52
4 - 6% - 10% - 2:44
PP Forward
1 - 54% - 60% - 5:29
2 - 46% - 40% - 4:35
PP Defense
1 - 54% - 60% - 5:29
2 - 46% - 40% - 4:35
PK Forward
1 - 66% - 60% - 1:27
2 - 34% - 40% - 0:44
PK Defense
1 - 77% - 60% - 1:41
2 - 23% - 40% - 0:30
PK3 Forward
1 - 0% - 60%
2 - 0% - 40%
PK3 Defense
1 - 0% - 60%
2 - 0% - 40%
44 Forward
1 - 0% - 60%
2 - 0% - 40%
44 Defense
1 - 0% - 60%
2 - 0% - 40%
Last Minute Offensive - 0:00
Last Minute Defensive - 1:03
Total
Forward - 60:00
Defense - 60:00
|
% Time on Ice - Avalanche
Lines # - Real PCT - Wanted PCT - Time Play
Normal Forward
1 - 34% - 40% - 16:00
2 - 32% - 30% - 15:03
3 - 27% - 20% - 12:33
4 - 7% - 10% - 3:07
Normal Defense
1 - 42% - 40% - 19:32
2 - 31% - 30% - 14:29
3 - 20% - 20% - 9:14
4 - 7% - 10% - 3:28
PP Forward
1 - 47% - 60% - 1:02
2 - 53% - 40% - 1:09
PP Defense
1 - 68% - 60% - 1:29
2 - 32% - 40% - 0:42
PK Forward
1 - 78% - 60% - 7:50
2 - 22% - 40% - 2:14
PK Defense
1 - 59% - 60% - 5:56
2 - 41% - 40% - 4:08
PK3 Forward
1 - 0% - 60%
2 - 0% - 40%
PK3 Defense
1 - 0% - 60%
2 - 0% - 40%
44 Forward
1 - 0% - 60%
2 - 0% - 40%
44 Defense
1 - 0% - 60%
2 - 0% - 40%
Last Minute Offensive - 1:02
Last Minute Defensive - 0:00
Total
Forward - 60:00
Defense - 60:00
|
Play-by-Play
1st period
0:01 of 1st period - Bryan Little wins face-off versus John Tavares in neutral zone.
0:12 of 1st period - Slapshot by Mikkel Boedker.
0:12 of 1st period - Shot Misses the Net.
0:36 of 1st period - Wrist shot by Luke Witkowski.
0:36 of 1st period - Shot Misses the Net.
1:00 of 1st period - Snap shot by Jonathan Drouin.
1:00 of 1st period - Goal by Jonathan Drouin - Stars : 1 - Avalanche : 0.
1:01 of 1st period - Evgeny Grachev wins face-off versus Mikkel Boedker in neutral zone.
1:28 of 1st period - Pavel Buchnevich is hit by Michael Grabner and loses puck.
1:48 of 1st period - Off-side.
1:49 of 1st period - Charlie Coyle wins face-off versus Alex Chiasson in neutral zone.
2:23 of 1st period - Wrist shot by Michael Grabner.
2:23 of 1st period - Stopped by Semyon Varlamov with a rebound.
2:36 of 1st period - Off-side.
2:37 of 1st period - Vincent Trocheck wins face-off versus Evgeny Grachev in neutral zone.
2:43 of 1st period - Minor Penalty to Brian Lee for Hooking.
2:44 of 1st period - John Tavares wins face-off versus Bryan Little in Stars zone.
3:17 of 1st period - Slapshot by Marc Staal.
3:17 of 1st period - Shot Misses the Net.
4:04 of 1st period - Icing by Bryan Little.
4:05 of 1st period - Alex Chiasson wins face-off versus Bryan Little in Avalanche zone.
4:06 of 1st period - Wrist shot by John Tavares.
4:06 of 1st period - Stopped by Semyon Varlamov without a rebound.
4:07 of 1st period - John Tavares wins face-off versus Bryan Little in Avalanche zone.
4:32 of 1st period - Paul Ladue is hit by Charlie Coyle and loses puck.
4:43 of 1st period - Penalty to Brian Lee is over, Brian Lee is back on ice.
4:46 of 1st period - Icing by Boris Valabik.
4:47 of 1st period - Pavel Buchnevich wins face-off versus Tobias Rieder in Stars zone.
5:14 of 1st period - Icing by Colten Teubert.
5:15 of 1st period - Bryan Little wins face-off versus Robert Nilsson in Avalanche zone.
6:01 of 1st period - Mikkel Boedker is hit by Paul Ladue and loses puck.
6:06 of 1st period - Wrist shot by Andrew Ladd.
6:06 of 1st period - Stopped by Semyon Varlamov without a rebound.
6:07 of 1st period - Charlie Coyle wins face-off versus Guillaume Latendresse in Avalanche zone.
6:43 of 1st period - Snap shot by Jonathan Drouin.
6:43 of 1st period - Stopped by Semyon Varlamov without a rebound.
6:44 of 1st period - James Van Riemsdyk wins face-off versus Evgeny Grachev in Avalanche zone.
6:50 of 1st period - Off-side.
6:51 of 1st period - Cam Atkinson wins face-off versus Charlie Coyle in neutral zone.
7:00 of 1st period - Snap shot by James Van Riemsdyk.
7:00 of 1st period - Stopped by Matt Murray with a rebound.
7:20 of 1st period - Slapshot by Luke Witkowski.
7:20 of 1st period - Stopped by Matt Murray with a rebound.
7:22 of 1st period - Snap shot by Luke Witkowski.
7:22 of 1st period - Avalanche goal is going for a video replay.
7:22 of 1st period - The goal is refused. The puck has been kicked using a distinct kicking motion..
7:23 of 1st period - Bryan Little wins face-off versus John Tavares in Stars zone.
7:26 of 1st period - Wrist shot by Patric Hornqvist.
7:26 of 1st period - Goal by Patric Hornqvist - Stars : 1 - Avalanche : 1.
7:27 of 1st period - John Tavares wins face-off versus Bryan Little in neutral zone.
7:31 of 1st period - Off-side.
7:32 of 1st period - John Tavares wins face-off versus Bryan Little in neutral zone.
8:32 of 1st period - Icing by Jonathan Drouin.
8:33 of 1st period - Bryan Little wins face-off versus Evgeny Kuznetsov in Stars zone.
9:12 of 1st period - Snap shot by Scott Kosmachuck.
9:12 of 1st period - Shot Misses the Net.
9:20 of 1st period - Andrej Sustr is hit by Charlie Coyle and loses puck.
9:27 of 1st period - Slapshot by James Van Riemsdyk.
9:27 of 1st period - Stopped by Matt Murray with a rebound.
9:29 of 1st period - Slapshot by Luke Witkowski.
9:29 of 1st period - Shot Misses the Net.
9:31 of 1st period - Snap shot by Colten Teubert.
9:31 of 1st period - Deflect By James Van Riemsdyk.
9:31 of 1st period - Shot Misses the Net.
9:31 of 1st period - Puck is out of play.
9:32 of 1st period - Bryan Little wins face-off versus John Tavares in Stars zone.
9:41 of 1st period - Slapshot by Bryan Little.
9:41 of 1st period - Deflect By Mikkel Boedker.
9:41 of 1st period - Shot Blocked by Brian Lee.
9:41 of 1st period - Puck is out of play.
9:42 of 1st period - Bryan Little wins face-off versus John Tavares in Stars zone.
9:45 of 1st period - Snap shot by Bryan Little.
9:45 of 1st period - Stopped by Matt Murray with a rebound.
9:47 of 1st period - Slapshot by Jack Johnson.
9:47 of 1st period - Deflect By Mikkel Boedker.
9:47 of 1st period - Goal by Mikkel Boedker - Stars : 1 - Avalanche : 2.
9:48 of 1st period - John Tavares wins face-off versus Bryan Little in neutral zone.
10:26 of 1st period - Slapshot by Marc Staal.
10:26 of 1st period - Stopped by Matt Murray without a rebound.
10:27 of 1st period - Luke Witkowski wins face-off versus Evgeny Grachev in Stars zone.
10:54 of 1st period - Joel Edmundson is hit by Michael Grabner and loses puck.
11:41 of 1st period - Charlie Coyle is hit by Alex Chiasson and loses puck.
12:05 of 1st period - Slapshot by Tobias Rieder.
12:05 of 1st period - Deflect By Cam Atkinson.
12:05 of 1st period - Shot Blocked by Mikkel Boedker.
12:05 of 1st period - Puck is out of play.
12:06 of 1st period - Robert Nilsson wins face-off versus Bryan Little in Avalanche zone.
13:17 of 1st period - Evgeny Kuznetsov is hit by Erik Karlsson and loses puck.
13:22 of 1st period - Wrist shot by Bryan Little.
13:22 of 1st period - Deflect By Evgeny Dadonov.
13:22 of 1st period - Shot Misses the Net.
13:22 of 1st period - Puck is out of play.
13:23 of 1st period - John Tavares wins face-off versus Charlie Coyle in Stars zone.
13:50 of 1st period - Tyson Barrie is hit by Mikkel Boedker and loses puck.
13:59 of 1st period - Slapshot by Brian Lee.
13:59 of 1st period - Shot Blocked by Bryan Little.
14:01 of 1st period - Minor Penalty to Bryan Little for Roughing.
14:02 of 1st period - John Tavares wins face-off versus Mikkel Boedker in Avalanche zone.
15:01 of 1st period - Charlie Coyle is hit by John Tavares and loses puck.
16:01 of 1st period - Penalty to Bryan Little is over, Bryan Little is back on ice.
18:00 of 1st period - Wrist shot by Bryan Little.
18:00 of 1st period - Stopped by Matt Murray with a rebound.
18:21 of 1st period - Vincent Trocheck is hit by Tobias Rieder and loses puck.
18:43 of 1st period - Wrist shot by John Tavares.
18:43 of 1st period - Shot Misses the Net.
18:45 of 1st period - Wrist shot by Michael Grabner.
18:45 of 1st period - Stopped by Semyon Varlamov with a rebound.
19:13 of 1st period - Minor Penalty to Scott Kosmachuck for Tripping.
19:14 of 1st period - Charlie Coyle wins face-off versus John Tavares in Stars zone.
19:25 of 1st period - Snap shot by Luke Witkowski.
19:25 of 1st period - Goal by Luke Witkowski - Stars : 1 - Avalanche : 3.
19:26 of 1st period - Bryan Little wins face-off versus John Tavares in neutral zone.
Goals for this period are 1 for Stars vs 3 for Avalanche.
Shots for this period are 6 for Stars vs 10 for Avalanche.
2nd period
0:01 of 2nd period - Bryan Little wins face-off versus John Tavares in neutral zone.
0:56 of 2nd period - Slapshot by Tobias Rieder.
0:56 of 2nd period - Stopped by Semyon Varlamov with a rebound.
0:58 of 2nd period - Wrist shot by Tobias Rieder.
0:58 of 2nd period - Stopped by Semyon Varlamov with a rebound.
1:00 of 2nd period - Wrist shot by Andrej Sustr.
1:00 of 2nd period - Deflect By Marc Staal.
1:00 of 2nd period - Stopped by Semyon Varlamov with a rebound.
1:33 of 2nd period - Icing by Jack Johnson.
1:34 of 2nd period - Vincent Trocheck wins face-off versus Evgeny Kuznetsov in Avalanche zone.
2:03 of 2nd period - Slapshot by Robert Nilsson.
2:03 of 2nd period - Deflect By Alex Chiasson.
2:03 of 2nd period - Shot Misses the Net.
2:03 of 2nd period - Puck is out of play.
2:04 of 2nd period - Charlie Coyle wins face-off versus Robert Nilsson in Avalanche zone.
2:30 of 2nd period - Boris Valabik is hit by Pavel Buchnevich and loses puck.
3:05 of 2nd period - Snap shot by Evgeny Grachev.
3:05 of 2nd period - Stopped by Semyon Varlamov without a rebound.
3:06 of 2nd period - Robert Nilsson wins face-off versus Charlie Coyle in Avalanche zone.
3:32 of 2nd period - Colten Teubert is hit by Cam Atkinson and loses puck.
3:57 of 2nd period - Slapshot by John Tavares.
3:57 of 2nd period - Goal by John Tavares - Stars : 2 - Avalanche : 3.
3:58 of 2nd period - John Tavares wins face-off versus Bryan Little in neutral zone.
4:38 of 2nd period - Snap shot by James Van Riemsdyk.
4:38 of 2nd period - Shot Hit the Post.
5:10 of 2nd period - Evgeny Kuznetsov is hit by Mikkel Boedker and loses puck.
6:15 of 2nd period - Colten Teubert is hit by Evgeny Grachev and loses puck.
6:34 of 2nd period - Snap shot by Michael Grabner.
6:34 of 2nd period - Stopped by Semyon Varlamov with a rebound.
6:39 of 2nd period - Minor Penalty to Colten Teubert for Tripping.
6:40 of 2nd period - Mikkel Boedker wins face-off versus John Tavares in Avalanche zone.
6:52 of 2nd period - Wrist shot by Michael Grabner.
6:52 of 2nd period - Shot Misses the Net.
8:39 of 2nd period - Penalty to Colten Teubert is over, Colten Teubert is back on ice.
8:40 of 2nd period - Icing by Mikkel Boedker.
8:41 of 2nd period - Evgeny Grachev wins face-off versus Mikkel Boedker in Avalanche zone.
8:50 of 2nd period - Slapshot by Jack Johnson.
8:50 of 2nd period - Shot Blocked by Cam Atkinson.
8:54 of 2nd period - Slapshot by Mikkel Boedker.
8:54 of 2nd period - Stopped by Matt Murray with a rebound.
8:56 of 2nd period - Snap shot by Colten Teubert.
8:56 of 2nd period - Shot Misses the Net.
9:12 of 2nd period - Snap shot by Mikkel Boedker.
9:12 of 2nd period - Stopped by Matt Murray with a rebound.
9:14 of 2nd period - Wrist shot by Mikkel Boedker.
9:14 of 2nd period - Shot Misses the Net.
9:16 of 2nd period - Wrist shot by Mikkel Boedker.
9:16 of 2nd period - Shot Misses the Net.
9:18 of 2nd period - Wrist shot by Bryan Little.
9:18 of 2nd period - Stopped by Matt Murray without a rebound.
9:19 of 2nd period - John Tavares wins face-off versus Charlie Coyle in Stars zone.
10:11 of 2nd period - Off-side.
10:12 of 2nd period - Charlie Coyle wins face-off versus Evgeny Kuznetsov in neutral zone.
10:41 of 2nd period - Snap shot by Bryan Little.
10:41 of 2nd period - Shot Misses the Net.
10:45 of 2nd period - Wrist shot by Bryan Little.
10:45 of 2nd period - Shot Misses the Net.
10:47 of 2nd period - Snap shot by Patric Hornqvist.
10:47 of 2nd period - Stopped by Matt Murray with a rebound.
10:54 of 2nd period - Icing by Guillaume Latendresse.
10:55 of 2nd period - Vincent Trocheck wins face-off versus Robert Nilsson in Stars zone.
10:56 of 2nd period - Wrist shot by Tomas Tatar.
10:56 of 2nd period - Stopped by Matt Murray with a rebound.
10:58 of 2nd period - Slapshot by Colten Teubert.
10:58 of 2nd period - Stopped by Matt Murray with a rebound.
11:12 of 2nd period - Wrist shot by Vincent Trocheck.
11:12 of 2nd period - Shot Blocked by Andrew Ladd.
11:32 of 2nd period - Snap shot by Bryan Little.
11:32 of 2nd period - Stopped by Matt Murray with a rebound.
11:44 of 2nd period - Slapshot by Evgeny Grachev.
11:44 of 2nd period - Shot Hit the Post.
11:46 of 2nd period - Slapshot by Boris Valabik.
11:46 of 2nd period - Shot Blocked by Luke Witkowski.
11:50 of 2nd period - Slapshot by Cam Atkinson.
11:50 of 2nd period - Shot Misses the Net.
11:52 of 2nd period - Slapshot by Boris Valabik.
11:52 of 2nd period - Deflect By Tobias Rieder.
11:52 of 2nd period - Stopped by Semyon Varlamov without a rebound.
11:53 of 2nd period - Bryan Little wins face-off versus John Tavares in Avalanche zone.
12:02 of 2nd period - Snap shot by Michael Grabner.
12:02 of 2nd period - Stopped by Semyon Varlamov with a rebound.
12:03 of 2nd period - Minor Penalty to Bryan Little for Hooking.
12:04 of 2nd period - John Tavares wins face-off versus Mikkel Boedker in Avalanche zone.
12:13 of 2nd period - Wrist shot by Michael Grabner.
12:13 of 2nd period - Deflect By Guillaume Latendresse.
12:13 of 2nd period - Shot Blocked by Jack Johnson.
12:13 of 2nd period - Puck is out of play.
12:14 of 2nd period - John Tavares wins face-off versus Mikkel Boedker in Avalanche zone.
12:17 of 2nd period - Snap shot by John Tavares.
12:17 of 2nd period - Shot Misses the Net.
12:36 of 2nd period - Icing by Michael Grabner.
12:37 of 2nd period - John Tavares wins face-off versus Mikkel Boedker in Stars zone.
12:56 of 2nd period - Robert Nilsson is hit by James Van Riemsdyk and loses puck.
13:29 of 2nd period - John Tavares is hit by Charlie Coyle and loses puck.
14:03 of 2nd period - Penalty to Bryan Little is over, Bryan Little is back on ice.
14:22 of 2nd period - Stefan Elliott is hit by Evgeny Grachev and loses puck.
15:03 of 2nd period - Luke Witkowski is hit by Tyson Barrie and loses puck.
15:27 of 2nd period - Slapshot by Alex Chiasson.
15:27 of 2nd period - Stopped by Semyon Varlamov without a rebound.
15:28 of 2nd period - Tomas Tatar wins face-off versus Robert Nilsson in Avalanche zone.
15:39 of 2nd period - Backhand shot by Vincent Trocheck.
15:39 of 2nd period - Deflect By Tomas Tatar.
15:39 of 2nd period - Stopped by Matt Murray with a rebound.
15:55 of 2nd period - Patric Hornqvist is hit by Michael Grabner and loses puck.
16:00 of 2nd period - Wrist shot by Michael Grabner.
16:00 of 2nd period - Stopped by Semyon Varlamov with a rebound.
16:18 of 2nd period - James Van Riemsdyk is hit by Cam Atkinson and loses puck.
16:33 of 2nd period - Snap shot by Pavel Buchnevich.
16:33 of 2nd period - Stopped by Matt Murray without a rebound.
16:34 of 2nd period - Vincent Trocheck wins face-off versus Evgeny Kuznetsov in Stars zone.
16:59 of 2nd period - Snap shot by Jonathan Drouin.
16:59 of 2nd period - Shot Misses the Net.
17:03 of 2nd period - Snap shot by Evgeny Kuznetsov.
17:03 of 2nd period - Stopped by Semyon Varlamov without a rebound.
17:04 of 2nd period - John Tavares wins face-off versus Bryan Little in Avalanche zone.
17:18 of 2nd period - Minor Penalty to Stefan Elliott for Tripping.
17:19 of 2nd period - Mikkel Boedker wins face-off versus John Tavares in Avalanche zone.
17:19 of 2nd period - Mikkel Boedker is hit by Boris Valabik.
19:17 of 2nd period - James Van Riemsdyk is hit by Paul Ladue and loses puck.
19:18 of 2nd period - Penalty to Stefan Elliott is over, Stefan Elliott is back on ice.
19:40 of 2nd period - Snap shot by Stefan Elliott.
19:40 of 2nd period - Shot Blocked by Jonathan Drouin.
19:42 of 2nd period - Snap shot by Vincent Trocheck.
19:42 of 2nd period - Stopped by Matt Murray without a rebound.
19:43 of 2nd period - Vincent Trocheck wins face-off versus Evgeny Kuznetsov in Stars zone.
19:44 of 2nd period - Slapshot by Erik Karlsson.
19:44 of 2nd period - Stopped by Matt Murray with a rebound.
19:46 of 2nd period - Wrist shot by Pavel Buchnevich.
19:46 of 2nd period - Stopped by Matt Murray with a rebound.
19:48 of 2nd period - Slapshot by Colten Teubert.
19:48 of 2nd period - Stopped by Matt Murray with a rebound.
19:50 of 2nd period - Snap shot by Vincent Trocheck.
19:50 of 2nd period - Stopped by Matt Murray with a rebound.
19:52 of 2nd period - Wrist shot by Colten Teubert.
19:52 of 2nd period - Shot Misses the Net.
19:54 of 2nd period - Slapshot by Erik Karlsson.
19:54 of 2nd period - Stopped by Matt Murray with a rebound.
Goals for this period are 1 for Stars vs 0 for Avalanche.
Shots for this period are 11 for Stars vs 15 for Avalanche.
3rd period
0:01 of 3rd period - Bryan Little wins face-off versus John Tavares in neutral zone.
0:32 of 3rd period - Wrist shot by Alex Chiasson.
0:32 of 3rd period - Shot Misses the Net.
0:34 of 3rd period - Slapshot by Brian Lee.
0:34 of 3rd period - Goal by Brian Lee - Stars : 3 - Avalanche : 3.
0:35 of 3rd period - John Tavares wins face-off versus Bryan Little in neutral zone.
0:50 of 3rd period - Snap shot by Patric Hornqvist.
0:50 of 3rd period - Stopped by Matt Murray without a rebound.
0:51 of 3rd period - Robert Nilsson wins face-off versus Charlie Coyle in Stars zone.
0:51 of 3rd period - Robert Nilsson is hit by Charlie Coyle.
0:56 of 3rd period - Off-side.
0:57 of 3rd period - Robert Nilsson wins face-off versus Charlie Coyle in neutral zone.
0:57 of 3rd period - Andrew Ladd is hit by James Van Riemsdyk and loses puck.
1:20 of 3rd period - Icing by Jack Johnson.
1:21 of 3rd period - John Tavares wins face-off versus Bryan Little in Avalanche zone.
2:32 of 3rd period - Tobias Rieder is hit by Colten Teubert and loses puck.
3:42 of 3rd period - Wrist shot by Alex Chiasson.
3:42 of 3rd period - Shot Hit the Post.
3:46 of 3rd period - Snap shot by John Tavares.
3:46 of 3rd period - Stopped by Semyon Varlamov without a rebound.
3:47 of 3rd period - Robert Nilsson wins face-off versus Vincent Trocheck in Avalanche zone.
3:52 of 3rd period - Wrist shot by Alex Chiasson.
3:52 of 3rd period - Shot Blocked by Vincent Trocheck.
3:54 of 3rd period - Wrist shot by Andrew Ladd.
3:54 of 3rd period - Stopped by Semyon Varlamov with a rebound.
3:56 of 3rd period - Snap shot by Andrew Ladd.
3:56 of 3rd period - Stopped by Semyon Varlamov without a rebound.
3:57 of 3rd period - Vincent Trocheck wins face-off versus Robert Nilsson in Avalanche zone.
4:14 of 3rd period - Wrist shot by Tomas Tatar.
4:14 of 3rd period - Deflect By Vincent Trocheck.
4:14 of 3rd period - Shot Misses the Net.
4:14 of 3rd period - Puck is out of play.
4:15 of 3rd period - John Tavares wins face-off versus Bryan Little in Stars zone.
4:15 of 3rd period - John Tavares is hit by Mikkel Boedker.
4:41 of 3rd period - Robert Nilsson is hit by James Van Riemsdyk and loses puck.
5:00 of 3rd period - Wrist shot by Tobias Rieder.
5:00 of 3rd period - Stopped by Semyon Varlamov with a rebound.
5:26 of 3rd period - Evgeny Dadonov is hit by John Tavares and loses puck.
5:50 of 3rd period - Luke Witkowski is hit by Andrew Ladd and loses puck.
6:35 of 3rd period - Charlie Coyle is hit by Cam Atkinson and loses puck.
7:53 of 3rd period - Brian Lee is hit by Erik Karlsson and loses puck.
8:23 of 3rd period - Snap shot by Jonathan Drouin.
8:23 of 3rd period - Stopped by Semyon Varlamov without a rebound.
8:24 of 3rd period - Vincent Trocheck wins face-off versus Evgeny Kuznetsov in Avalanche zone.
8:31 of 3rd period - Snap shot by Tomas Tatar.
8:31 of 3rd period - Stopped by Matt Murray with a rebound.
9:11 of 3rd period - Slapshot by Brian Lee.
9:11 of 3rd period - Shot Blocked by Stefan Elliott.
9:13 of 3rd period - Wrist shot by Guillaume Latendresse.
9:13 of 3rd period - Stopped by Semyon Varlamov without a rebound.
9:14 of 3rd period - Luke Witkowski wins face-off versus Robert Nilsson in Avalanche zone.
9:26 of 3rd period - Snap shot by Alex Chiasson.
9:26 of 3rd period - Stopped by Semyon Varlamov without a rebound.
9:27 of 3rd period - John Tavares wins face-off versus Bryan Little in Avalanche zone.
10:33 of 3rd period - Wrist shot by Tobias Rieder.
10:33 of 3rd period - Stopped by Semyon Varlamov with a rebound.
10:36 of 3rd period - Icing by Bryan Little.
10:37 of 3rd period - Mikkel Boedker wins face-off versus Evgeny Grachev in Avalanche zone.
10:46 of 3rd period - Tyson Barrie is hit by Mattias Ekholm and loses puck.
10:51 of 3rd period - Slapshot by Mikkel Boedker.
10:51 of 3rd period - Goal by Mikkel Boedker - Stars : 3 - Avalanche : 4.
10:52 of 3rd period - John Tavares wins face-off versus Bryan Little in neutral zone.
11:19 of 3rd period - Robert Nilsson is hit by Jack Johnson and loses puck.
11:26 of 3rd period - Snap shot by Luke Witkowski.
11:26 of 3rd period - Stopped by Matt Murray with a rebound.
12:49 of 3rd period - Minor Penalty to Mattias Ekholm for Holding.
12:50 of 3rd period - Mikkel Boedker wins face-off versus John Tavares in Avalanche zone.
12:59 of 3rd period - Wrist shot by Guillaume Latendresse.
12:59 of 3rd period - Shot Blocked by Marc Staal.
13:01 of 3rd period - Snap shot by John Tavares.
13:01 of 3rd period - Shot Misses the Net.
13:03 of 3rd period - Slapshot by Guillaume Latendresse.
13:03 of 3rd period - Stopped by Semyon Varlamov without a rebound.
13:04 of 3rd period - Mikkel Boedker wins face-off versus John Tavares in Avalanche zone.
13:57 of 3rd period - Backhand shot by Robert Nilsson.
13:57 of 3rd period - Shot Blocked by Erik Karlsson.
13:59 of 3rd period - Wrist shot by Robert Nilsson.
13:59 of 3rd period - Goal by Robert Nilsson - Stars : 4 - Avalanche : 4.
14:00 of 3rd period - Bryan Little wins face-off versus John Tavares in neutral zone.
14:11 of 3rd period - Snap shot by Mikkel Boedker.
14:11 of 3rd period - Shot Misses the Net.
14:27 of 3rd period - Luke Witkowski is hit by Alex Chiasson and loses puck.
14:58 of 3rd period - Slapshot by Scott Kosmachuck.
14:58 of 3rd period - Stopped by Semyon Varlamov without a rebound.
14:59 of 3rd period - Bryan Little wins face-off versus John Tavares in Avalanche zone.
15:22 of 3rd period - Patric Hornqvist is hit by Guillaume Latendresse and loses puck.
15:55 of 3rd period - Minor Penalty to Patric Hornqvist for Slashing.
15:56 of 3rd period - Robert Nilsson wins face-off versus Mikkel Boedker in Avalanche zone.
16:08 of 3rd period - Evgeny Dadonov is hit by Alex Chiasson.
16:14 of 3rd period - Robert Nilsson is hit by Jack Johnson and loses puck.
16:33 of 3rd period - Wrist shot by Robert Nilsson.
16:33 of 3rd period - Shot Blocked by Colten Teubert.
16:35 of 3rd period - Slapshot by Boris Valabik.
16:35 of 3rd period - Shot Blocked by Erik Karlsson.
16:37 of 3rd period - Snap shot by Boris Valabik.
16:37 of 3rd period - Shot Blocked by Erik Karlsson.
16:49 of 3rd period - Wrist shot by Alex Chiasson.
16:49 of 3rd period - Stopped by Semyon Varlamov with a rebound.
16:51 of 3rd period - Wrist shot by Brian Lee.
16:51 of 3rd period - Shot Blocked by Colten Teubert.
16:53 of 3rd period - Snap shot by Robert Nilsson.
16:53 of 3rd period - Goal by Robert Nilsson - Stars : 5 - Avalanche : 4.
16:54 of 3rd period - Evgeny Grachev wins face-off versus Charlie Coyle in neutral zone.
18:05 of 3rd period - Mattias Ekholm is hit by Scott Kosmachuck and loses puck.
18:32 of 3rd period - Stefan Elliott is hit by Guillaume Latendresse and loses puck.
18:49 of 3rd period - Avalanche, Semyon Varlamov is pulled from the net.
19:29 of 3rd period - Wrist shot by Bryan Little.
19:29 of 3rd period - Stopped by Matt Murray without a rebound.
19:30 of 3rd period - Mike Keenan call a timeout for Avalanche.
19:30 of 3rd period - John Tavares wins face-off versus Bryan Little in Stars zone.
19:35 of 3rd period - Mikkel Boedker is hit by John Tavares and loses puck.
Goals for this period are 3 for Stars vs 1 for Avalanche.
Shots for this period are 14 for Stars vs 5 for Avalanche.
Output by the SimonT Hockey Simulator (STHS) for Francois Prevost